 Dungeon Crawl Stone Soup version 0.31-a0-986-g5e6e4ef867 (webtiles) character file.

Game seed: 316816120926051605

7161 wildpjah the Carver (level 11, -1/67 HPs)
             Began as a Tengu Monk on Nov 20, 2023.
             Was a High Priest of Dithmenos.
             Blown up by Maurice (17 damage)
             ... with a mindburst bolt
             ... on level 9 of the Dungeon on Nov 21, 2023.
             The game lasted 00:19:40 (8086 turns).

wildpjah the Carver (Tengu Monk)                    Turns: 8086, Time: 00:19:40

Health: -1/67      AC:  5    Str: 17    XL:     11   Next: 10%
Magic:  12/12      EV: 42    Int: 11    God:    Dithmenos [*****.]
Gold:   931        SH:  5    Dex: 21    Spells: 10/10 levels left

rFire   . . .        a - +1 falchion (drain)
rCold   . . .        L - +0 buckler
rNeg    . . .        p - +0 troll leather armour {Pargi}
rPois   .            (helmet restricted)
rElec   .            S - +0 cloak
rCorr   .            (no gloves)
SInv    .            (boots unavailable)
Will    .....        (no amulet)
Stlth   ++++         M - +5 ring of evasion
HPRegen 1.11/turn    K - +6 ring of strength
MPRegen 0.13/turn

%: acrobat
@: acrobatic, flying, wreathed by umbra
A: beak, talons 3, evasive flight, acrobatic
a: Renounce Religion, Shadow Step, Shadow Form


You were on level 9 of the Dungeon.
You worshipped Dithmenos.
Dithmenos was extremely pleased with you.
You visited 2 branches of the dungeon, and saw 10 of its levels.
You also visited: Sewer and Bailey.

You collected 931 gold pieces.

Inventory:

Hand Weapons
 a - a +1 falchion of draining (weapon)
 x - a +1 short sword of speed
 C - a +1 dagger of distortion
 P - a +3 scimitar
 Q - a +4 short sword of freezing
Missiles
 R - a throwing net
Armour
 b - a +0 robe
 p - a +0 troll leather armour (worn) {Pargi}
 t - an orb of guile
 D - a +2 leather armour of willpower
 L - a +0 buckler (worn)
 S - a +0 cloak (worn)
 W - the +1 robe of Lowkiv {Rampage rC+ rCorr Str+2}
   (You found it on level 9 of the Dungeon)

   Str+2:     It affects your strength (+2).
   rC+:       It protects you from cold.
   rCorr:     It protects you from acid and corrosion.
   Rampage:   It bestows one free step when moving towards enemies.
Jewellery
 G - a ring of ice
 K - a +6 ring of strength (right hand)
 M - a +5 ring of evasion (left hand)
 O - an amulet of magic regeneration
Wands
 d - a wand of flame (35)
 I - a wand of light (12)
 U - a wand of roots (8)
Scrolls
 f - 6 scrolls of teleportation
 h - a scroll of amnesia
 k - a scroll of immolation
 n - 2 scrolls of fog
 q - 9 scrolls of fear
 v - 2 scrolls of torment
 y - a scroll of summoning {unknown}
 A - 2 scrolls of blinking {unknown}
 B - a scroll of poison {unknown}
 H - a scroll of noise {unknown}
 J - 2 scrolls of enchant armour
 T - a scroll of identify
 V - a scroll of silence {unknown}
Potions
 c - a potion of ambrosia
 e - a potion of attraction
 g - a potion of mutation
 i - a potion of invisibility
 j - 2 potions of enlightenment {unknown}
 l - a potion of lignification {unknown}
 m - a potion of brilliance {unknown}
 o - a potion of magic {unknown}
 r - 2 potions of heal wounds {unknown}
 s - 3 potions of degeneration {unknown}
 u - a potion of haste {unknown}
 w - a potion of cancellation {unknown}
 z - a potion of might {unknown}
 E - 2 potions of berserk rage {unknown}
 N - a potion of curing {unknown}


   Skills:
 + Level 7.1 Fighting
 + Level 11.6 Long Blades
 * Level 7.7 Armour
 * Level 9.1 Dodging
 + Level 4.1 Stealth
 + Level 2.5 Shields
 + Level 0.1 Invocations


You had 10 spell levels left.
You didn't know any spells.
Your spell library contained the following spells:

 Spells                   Type           Power      Damage    Failure   Level
 Scorch                   Fire           0%         2d5       63%         2
 Inner Flame              Hex/Fire       0%         N/A       85%         3
 Flame Wave               Conj/Fire      0%         2d4       99%         4
 Yara's Violent Unravell  Hex/Tmut       0%         3d3       100%        5
 Summon Cactus Giant      Summ           0%         N/A       100%        6
 Enfeeble                 Hex            0%         N/A       100%        7


Dungeon Overview and Level Annotations

Branches:
Dungeon (9/15)             Temple (1/1) D:4           Sewer (visited)
 Bailey (visited)
   Lair: D:8-11         Orc: D:9-12

Altars:
Ashenzari
Cheibriados
Dithmenos
Elyvilon
Fedhas
Gozag
Hepliaklqana
Kikubaaqudgha
Nemelex Xobeh
Okawaru
Qazlal
Ru
Sif Muna
Trog
Uskayaw
Vehumet
Wu Jian
Xom
Yredelemnul
Zin
The Shining One

Shops:
D:6 [

Annotations:
D:9 1 runed translucent door, Maurice; Maxmaps's ghost, novice OpMo


Innate Abilities, Weirdness & Mutations

You have a beak for a mouth.
You have claws for feet.
Your magical flight helps you evade attacks. (EV +4)
You can magically evade attacks while moving or waiting.


Message History

Maurice casts a spell.
Maurice flickers and vanishes!
Deactivating autopickup; reactivate with Ctrl-A.
No target in view!
No target in view!
You miss something. Something hits you.
Something steals your amulet of reflection!
Something blocks your attack.
You hear some strange, mumbled words.
Found a quarterstaff.
No target in view!
No target in view!
No target in view!
No target in view!
You hear a zap.
Something tries to affect you, but you resist.
Found a stone staircase leading up.
Something completely misses you.
You hear a zap.
Your mind is blasted!
You hear a zap.
Something tries to affect you, but you resist.
Something closely misses you. Something blocks your attack. x2
You hear some strange, mumbled words.
You hear a zap.
Your mind is blasted!
You are too injured to fight recklessly!
You are too injured to fight recklessly!
You hear a zap.
Your mind is blasted!
* * * LOW HITPOINT WARNING * * *
You hear a zap.
Your mind is blasted!
* * * LOW HITPOINT WARNING * * *
You hear a zap.
Something tries to affect you, but you resist.
You hear a zap.
Your mind is blasted!
You die...

################# #
#.........#...... #
#?............... #
#####................
#
##....................
#
#..###...............<
####.##
#.......@........
.....#
#................
######
#.....†..(....)..
....#
#..#.............
###....
#.#.......#.....#
#.#.....############
....##.#
..............
..............#


There were no monsters in sight!

Vanquished Creatures
  A two-headed ogre (D:8)
  A kobold demonologist (D:9)
  Maggie (D:9)
  A troll (D:9)
  2 hornets
  Eustachio (D:4)
  A steam dragon (D:8)
  A water moccasin (D:6)
  Pargi (Sewer)
  6 orc warriors
  A black bear (D:7)
  3 sky beasts
  An ogre (D:4)
  2 phantoms
  2 centaurs (D:8)
  10 kobold brigands
  5 bullfrogs
  3 gnoll sergeants
  2 scorpions (D:5)
  5 wights (D:8)
  14 killer bees
  5 howler monkeys
  8 orc priests
  2 jellies (D:7)
  3 hounds
  A sleepcap (D:5)
  Ijyb (D:4)
  2 iguanas
  13 orc wizards
  Robin (D:4)
  21 gnolls
  11 adders
  2 shadow imps (D:7)
  A white imp (D:8)
  A worm (D:3)
  4 dart slugs
  33 orcs
  9 endoplasms
  2 giant cockroaches
  10 goblins
  11 hobgoblins
  4 quokkas
  4 ball pythons
  9 bats
  4 frilled lizards
  31 kobolds
  7 rats
  A butterfly (D:4)
265 creatures vanquished.

Vanquished Creatures (others)
  A butterfly (D:3)
1 creature vanquished.

Grand Total: 266 creatures vanquished

Notes
Turn   | Place    | Note
-------+----------+-------------------------------------------
     0 | D:1      | wildpjah the Tengu Monk began the quest for the Orb.
     0 | D:1      | Reached XP level 1. HP: 14/14 MP: 2/2
    70 | D:1      | Found a faded altar of an unknown god.
   168 | D:1      | Reached XP level 2. HP: 19/19 MP: 3/3
   761 | D:2      | Reached XP level 3. HP: 23/23 MP: 4/4
   771 | D:2      | Found an ornate altar of the Wu Jian Council.
  1020 | D:2      | Reached skill level 4 in Long Blades
  1481 | D:3      | Found a blossoming altar of Fedhas.
  1484 | D:3      | Reached XP level 4. HP: 28/28 MP: 5/5
  1586 | D:3      | Found an opulent altar of Gozag.
  1701 | D:3      | Found a white marble altar of Elyvilon.
  1819 | D:3      | Found a glowing drain.
  1827 | D:3      | Reached XP level 5. HP: 29/33 MP: 6/6
  1836 | Sewer    | Entered a sewer
  1954 | Sewer    | Noticed Pargi
  1963 | Sewer    | Killed Pargi
  1964 | Sewer    | Reached skill level 5 in Long Blades
  2091 | Sewer    | Reached XP level 6. HP: 38/38 MP: 7/7
  2358 | D:4      | Reached skill level 6 in Long Blades
  2380 | D:4      | Reached skill level 1 in Armour
  2408 | D:4      | Found a shimmering blue altar of Sif Muna.
  2432 | D:4      | Found a shadowy altar of Dithmenos.
  2441 | D:4      | Gained mutation: Your magical flight helps you evade
                  | attacks. (EV +4) [Tengu growth]
  2441 | D:4      | Reached XP level 7. HP: 41/44 MP: 8/8
  2453 | D:4      | Became a worshipper of Dithmenos the Shadowed
  2453 | D:4      | Reached * piety under Dithmenos
  2453 | D:4      | Reached ** piety under Dithmenos
  2562 | D:4      | Noticed Ijyb
  2574 | D:4      | Killed Ijyb
  2636 | D:4      | Noticed Robin
  2659 | D:4      | Killed Robin
  2678 | D:4      | Found a staircase to the Ecumenical Temple.
  2683 | Temple   | Entered the Ecumenical Temple
  3051 | D:4      | Identified the +1 robe of Ucwasais {Drain rElec rC+++
                  | Regen+}
  3129 | D:4      | Noticed Eustachio
  3133 | D:4      | Killed Eustachio
  3134 | D:4      | Reached skill level 5 in Fighting
  3134 | D:4      | Reached skill level 7 in Long Blades
  3134 | D:4      | Reached skill level 5 in Dodging
  3134 | D:4      | Reached skill level 1 in Stealth
  3187 | D:5      | Identified the of Pidig
  3187 | D:5      | Entered Level 5 of the Dungeon
  3187 | D:5      | Found a glowing silver altar of Zin.
  3343 | D:5      | Found a bloodstained altar of Trog.
  3388 | D:5      | Reached XP level 8. HP: 49/49 MP: 9/9
  3652 | D:5      | Found a shimmering altar of Xom.
  3791 | D:5      | Found a sparkling altar of Nemelex Xobeh.
  3791 | D:5      | Found a faded altar of an unknown god.
  3799 | D:5      | Found a basalt altar of Yredelemnul.
  3801 | D:5      | Found a faded altar of an unknown god.
  3803 | D:5      | Found a shimmering blue altar of Sif Muna.
  3993 | D:6      | Reached skill level 8 in Long Blades
  4079 | D:6      | Reached *** piety under Dithmenos
  4902 | D:6      | Found Mwindo's Dragon-Slaying Spoils.
  5354 | D:7      | Reached XP level 9. HP: 54/54 MP: 10/10
  5399 | D:7      | Reached skill level 9 in Long Blades
  5410 | D:7      | Reached skill level 5 in Armour
  5500 | D:7      | Noticed a hornet
  5524 | D:7      | Paralysed by a hornet for 2 turns
  5529 | D:7      | Killed a hornet
  5680 | D:7      | Found a stormy altar of Qazlal.
  6367 | D:8      | Reached skill level 10 in Long Blades
  6408 | D:8      | Reached **** piety under Dithmenos
  6409 | D:8      | Reached skill level 1 in Shields
  6428 | D:8      | Reached XP level 10. HP: 57/60 MP: 11/11
  6797 | D:8      | Noticed a two-headed ogre
  6812 | D:8      | Killed a two-headed ogre
  7392 | D:9      | Noticed a kobold demonologist
  7438 | D:9      | Noticed Maggie
  7453 | D:9      | Killed Maggie
  7507 | D:9      | Noticed Maxmaps's ghost (novice OpMo)
  7510 | D:9      | Found a runed translucent door.
  7538 | D:9      | Reached skill level 11 in Long Blades
  7559 | D:9      | Found a flagged portal.
  7610 | Bailey   | Entered a bailey
  7693 | Bailey   | Found an iron altar of Okawaru.
  7887 | D:9      | Identified the +1 robe of Lowkiv {Rampage rC+ rCorr Str+2}
  7911 | D:9      | Noticed a smoke demon
  7917 | D:9      | Noticed a sixfirhy
  7919 | D:9      | Killed a kobold demonologist
  7920 | D:9      | Reached XP level 11. HP: 54/67 MP: 12/12
  8052 | D:9      | Noticed Maurice
  8058 | D:9      | Reached ***** piety under Dithmenos
  8066 | D:9      | Something stole an amulet of reflection
  8086 | D:9      | Blown up by Maurice

Illustrated notes

Levels and vault maps discovered:
D:1:      lightli_arrival_chessboard, layout_basic,
          hellmonk_ecumenical_altar_leap_of_faith
D:2:      wad_crossroads, layout_loops_ring, basic_altar
D:3:      layout_basic, fedhas_ov_isle_minmay, mainiacjoe_overflow_brackets,
          nicolae_elyvilon_peaceful_grove, portal_sewer_entry_d
D:4:      layout_basic, amcnicky_altar_gilded, minmay_temple_entry_butterflies,
          minmay_ruined_shrine, uniq_eustachio, uniq_robin, uniq_ijyb
D:5:      layout_cave_pods, chequers_temple_overflow_minitemple,
          lemuel_crystal_altar, general_overflow_altar,
          brannock_xom_greatest_gift
D:6:      nicolae_cairo_tiling_large_dashed, layout_layer_cave,
          nicolae_concentric_dashed_squares_wild, minmay_tree_intersection,
          nicolae_shop_dragon_depot
D:7:      layout_loops_corners, nicolae_qazlal_style_of_elements,
          minmay_joined_circles
D:8:      layout_gridville
D:9:      layout_rooms, bloody_makhleb, lair_entry_dummy, special_room
          [special_room_bee], enter_bailey_6, hellmonk_ghost_happy_afterlife,
          uniq_maurice, uniq_maggie
Temple:   nicolae_temple_ecumenical_triangle

Skill      XL: |  1  2  3  4  5  6  7  8  9 10 |
---------------+-------------------------------+-----
Long Blades    | 4 5 6 7 8 10 11 | 11.6
Dodging        | 4 5 7 9 |  9.1
Fighting       | 4 5 6 7 |  7.1
Armour         | 1 2 4 6 7 |  7.7
Stealth        | 1 2 3 4 |  4.1
Shields        | 1 2 |  2.5
Invocations    | |  0.1

Action                     |  1- 3 |  4- 6 |  7- 9 | 10-12 || total
---------------------------+-------+-------+-------+-------++-------
  Melee: Falchion          |    52 |   112 |   359 |   250 ||   773
         Kick              |    11 |    31 |   107 |    97 ||   246
         Peck              |     6 |    16 |    79 |    57 ||   158
         Punch             |       |       |     1 |       ||     1
 Invoke: Shadow Step       |       |       |     1 |     2 ||     3
    Use: Scroll            |     1 |     6 |     5 |       ||    12
         Potion            |       |       |     1 |       ||     1
   Stab: Sleeping          |       |       |     3 |     2 ||     5
 Armour: Robe              |    14 |    40 |       |       ||    54
         Troll leather arm |       |    21 |    86 |    52 ||   159
  Dodge: Dodged            |    38 |    70 |   290 |   227 ||   625
  Block: Buckler           |       |       |    25 |    44 ||    69

Table legend: (Time is in decaauts)
 A = Elapsed time spent in this place.
 B = Non-inter-level travel time spent in this place.
 C = Inter-level travel time spent in this place.
 D = Time resting spent in this place.
 E = Time spent auto-exploring this place.
 F = Levels seen in this place.
 G = Mean time per level.
                   A        B        C        D        E       F      G
               +--------+--------+--------+--------+--------+-----+--------+
         Total |   8030 |   7683 |    347 |    100 |   5841 |  12 |  669.2 |
       Dungeon |   7475 |   7128 |    347 |    100 |   5490 |   9 |  830.6 |
        Temple |      1 |      1 |      0 |      0 |      0 |   1 |    1.0 |
         Sewer |    301 |    301 |      0 |      0 |    233 |   1 |  301.0 |
        Bailey |    252 |    252 |      0 |      0 |    118 |   1 |  252.0 |
               +--------+--------+--------+--------+--------+-----+--------+

Top non-repeatable levels by time:
     D:6: 1174 daAuts
     D:7: 1162 daAuts
     D:8: 1074 daAuts
     D:4: 855 daAuts
     D:5: 793 daAuts
     D:2: 782 daAuts
     D:1: 703 daAuts
     D:3: 563 daAuts
     D:9: 365 daAuts
   Sewer: 301 daAuts
  Bailey: 252 daAuts
  Temple: 1 daAuts
